AoeStats
← yyassir.adamo17

Arena

506487062Analyzed
1v1 RM · 19d ago on Sep 13, 2026· 28m 45s· 2 players
Game mode
Random Map
Map size
Tiny (2 player)
Population
200
Speed
Normal
Resources
Standard
Victory
Conquest
Starting age
Dark Age
Ending age
Imperial Age
RankedLock teamsTeams togetherTeam positionsShared explorationLock speedFull tech treeHidden civsTurbo modeCheats
Victory
Defeat
🇲🇿 Huns · Mozambique
665
+29
🇺🇸 Franks · United States
610
-22
yyassir.adamo17
8:47 Loom
11:13 Feudal Age
13:57 Double-Bit Axe
18:06 Stone Mining
19:26 Forging
19:12 Fletching
23:40 Castle Age
22:01 Horse Collar
22:27 Padded Archer Armor
KingTNT
2:03 Loom
15:46 Feudal Age
16:14 Man-at-Arms
19:56 Fletching
29:14 Castle Age
Connection lost

Rejoining the realm…

Still unreachable

The connection could not be restored.

Session expired

The server has moved on; the page needs a fresh start.